 Dungeon Crawl Stone Soup version 0.31-a0-1074-g0b22e4e0f1 (webtiles) character file.

Game seed: 1485845822215325654

52 Jeffwins the Changeling (level 3, -6/27 HPs)
             Began as a Merfolk Shapeshifter on Nov 26, 2023.
             Mangled by a gnoll
             ... wielding a +0 halberd
              (7 damage)
             ... on level 2 of the Dungeon.
             The game lasted 00:01:55 (1600 turns).

Jeffwins the Changeling (Merfolk Shapeshifter)      Turns: 1600, Time: 00:01:55

Health: -6/27      AC:  2    Str: 14    XL:     3   Next: 85%
Magic:  3/3        EV: 13    Int: 11    God:
Gold:   100        SH:  0    Dex: 13    Spells: 2/2 levels left

rFire   . .          .
                       - Unarmed
rCold   . . .        (no shield)
rNeg    . . .        a - +0 animal skin
rPois   .            (helmet currently unavailable)
rElec   .            (cloak currently unavailable)
rCorr   +            (gloves currently unavailable)
SInv    .            (boots currently unavailable)
Will    .....        g - amulet of the acrobat
Stlth   ++           R - ring of resist corrosion
HPRegen 0.24/turn    (no ring)
MPRegen 0.08/turn

%: acrobat
@: beast-form, hasted, very quick
A: beast (slay +2), (nimble swimmer 2), mertail
a: Begin Untransformation


You were on level 2 of the Dungeon.
You were a hulking beast.
You visited 1 branch of the dungeon, and saw 2 of its levels.

You collected 100 gold pieces.


Innate Abilities, Weirdness & Mutations

You are a hulking beast.
Your limbs bulge with bestial killing power. (Slay +2)
((You are very nimble when in or above water. (Stealth+, EV+, Speed+++)))
Your lower body shifts to a powerful aquatic tail in water.


   Skills:
 + Level 1.7 Fighting
 + Level 3.2 Dodging
 + Level 1.0 Stealth
 * Level 3.8 Unarmed Combat
 + Level 0.0 Spellcasting
 * Level 0.0 Conjurations
 * Level 0.1 Ice Magic
 * Level 0.2 Air Magic
 * Level 4.5 Shapeshifting


You had 2 spell levels left.
You didn't know any spells.
Your spell library contained the following spells:

 Spells                   Type           Power      Damage    Failure   Level
 Poisonous Vapours        Pois/Air       0%         N/A       45%         2
 Mephitic Cloud           Conj/Pois/Air  0%         N/A       71%         3
 Freezing Cloud           Conj/Ice/Air   0%         6-21      100%        5

Inventory:

Armour
 a - a +0 animal skin (worn)
Jewellery
 g - an amulet of the acrobat (around neck)
 G - an amulet of guardian spirit
 R - a ring of resist corrosion (left hand)
Talismans
 c - a beast talisman
 d - a flux talisman
Scrolls
 e - a scroll of revelation {unknown}
 f - 3 scrolls of identify {unknown}
 h - a scroll of fear {unknown}
 i - 2 scrolls of enchant weapon {unknown}
 j - a scroll of acquirement {unknown}
 l - a scroll of immolation {unknown}
Potions
 b - a potion of lignification {!q}

Dungeon Overview and Level Annotations

Branches:
Dungeon (2/15)

Altars:

# #. # #.##.####
...#... ## #.#... #.#
#).... #.# #...†. ##.
#.## #..†..
.....##g##### ##.....
#...ggh....#........#..
##.#.#####.########.#<#
#. #.# #.... # #.#
#.... #.# #####
######## #.######### #
#......# #.##......# #
#......# #.........####
#......####.#.#.......†


You could see 3 gnolls.


Message History

A gnoll comes into view. It is wielding a +0 whip.
You hit the gnoll.
The gnoll is lightly wounded.
The gnoll hits you with a +0 halberd!
You hit the gnoll.
The gnoll is moderately wounded.
The gnoll misses you.
You hit the gnoll.
The gnoll is moderately wounded.
The gnoll closely misses you. The gnoll hits you with a +0 whip!
* * * LOW HITPOINT WARNING * * *
The gnoll hits you from afar with a +0 spear.
* * * LOW HITPOINT WARNING * * *
You are too injured to fight recklessly!
You are too injured to fight recklessly!
You are too injured to fight recklessly!
You are too injured to fight recklessly!
You are too injured to fight recklessly!
You are too injured to fight recklessly!
You are too injured to fight recklessly!
You are too injured to fight recklessly!
You are too injured to fight recklessly!
You are too injured to fight recklessly!
You are too injured to fight recklessly!
You are too injured to fight recklessly!
Unknown command.
Okay, then.
It was a potion of haste.
You feel yourself speed up. The gnoll hits you with a +0 halberd!
You die...

Skill      XL: |  1  2  3 |
---------------+----------+-----
Dodging        | 3 |  3.2
Stealth        | 1 |  1.0
Fighting       | |  1.7
Unarmed Combat | |  3.8
Ice Magic      | |  0.1
Air Magic      | |  0.2
Shapeshifting  | |  4.5

Action                     || total
---------------------------++-------
  Melee: Unarmed           ||    94
         Punch             ||     3
    Use: Potion            ||     1
   Stab: Sleeping          ||     2
 Armour: Animal skin       ||    37
  Dodge: Dodged            ||    57

Levels and vault maps discovered:
D:1:      minmay_arrival_split_and_join, layout_basic, serial_co_window_serial,
          co_window_paths_a, co_window_of_opportunity_a,
          co_window_of_opportunity_a, co_window_corner_a, co_window_paths_b,
          co_window_corner_b, co_window_of_opportunity_c, co_window_2corner,
          co_window_broadway_a, co_window_cross_4, co_window_2corner,
          co_window_4corner_a, glass_columns_b
D:2:      layout_loops_cross

Notes
Turn   | Place    | Note
-------+----------+-------------------------------------------
     0 | D:1      | Jeffwins the Merfolk Shapeshifter began the quest for the
                  | Orb.
     0 | D:1      | Reached XP level 1. HP: 15/15 MP: 1/1
   376 | D:1      | Reached XP level 2. HP: 6/21 MP: 2/2
   496 | D:1      | Reached skill level 3 in Dodging
  1118 | D:1      | Reached XP level 3. HP: 16/26 MP: 3/3
  1418 | D:2      | Reached skill level 1 in Stealth
  1599 | D:2      | HP: 1/27 [gnoll/+0 spear (6)]
  1600 | D:2      | Mangled by a gnoll

Vanquished Creatures
  An adder (D:2)
  A worm (D:2)
  5 endoplasms
  4 giant cockroaches
  7 hobgoblins
  2 jackals (D:1)
  3 ball pythons
  6 bats
  2 frilled lizards
  4 kobolds
  A rat (D:1)
36 creatures vanquished.

Table legend: (Time is in decaauts)
 A = Elapsed time spent in this place.
 B = Non-inter-level travel time spent in this place.
 C = Inter-level travel time spent in this place.
 D = Time resting spent in this place.
 E = Time spent auto-exploring this place.
 F = Levels seen in this place.
 G = Mean time per level.
                   A        B        C        D        E       F      G
               +--------+--------+--------+--------+--------+-----+--------+
         Total |   1593 |   1564 |     29 |      0 |   1322 |   2 |  796.5 |
       Dungeon |   1593 |   1564 |     29 |      0 |   1322 |   2 |  796.5 |
               +--------+--------+--------+--------+--------+-----+--------+

Top non-repeatable levels by time:
     D:1: 1268 daAuts
     D:2: 324 daAuts

Table legend:
 A = Non-vault XP
 B = Vault XP
 C = Vault XP percentage of total XP
 D = Non-vault monster count
 E = Vault monster count
 F = Vault count percentage of total count
                 A         B        C        D         E       F
            +---------+---------+-------+---------+---------+-------
      Total |      75 |       0 |   0.0 |      36 |       0 |   0.0
            +---------+---------+-------+---------+---------+-------
        D:1 |      35 |       0 |   0.0 |      21 |       0 |   0.0
        D:2 |      40 |       0 |   0.0 |      15 |       0 |   0.0
            +---------+---------+-------+---------+---------+-------
